Map: [ESL] Glittering Ashes

Players

Astrea

  • Race: Protoss Protoss

Bunny - Winner!

  • Race: Terran Terran

Event: IEM Katowice 2022

VOD

Have the link to the VOD?

Description

Time

  • Played on: Feb. 25, 2022, 5:18 a.m.
  • Length: 12:30

All games in this series

Show
View Real Time Build Order
Export as new Build Order

Astrea Protoss 

Build Orders: 1 Gate Expand, Blink Stalkers 

Get SALT Encoding   

  12  0:00  Probe  
  13  0:12  Probe  
  14  0:17  Pylon  
  14  0:24  Probe (Chrono Boost)  
  16  0:36  Gateway, Probe (Chrono Boost)  
  16  0:43  Probe (Chrono Boost)  
  16  0:45  Assimilator  
  17  0:51  Probe  
  18  1:03  Probe  
  19  1:15  Probe  
  20  1:24  Nexus  
  20  1:31  Cybernetics Core  
  20  1:39  Probe  
  21  1:41  Assimilator  
  21  1:47  Pylon  
  21  1:51  Probe  
  22  2:03  Probe  
  22  2:05  Stalker (Chrono Boost)  
  25  2:11  Shield Battery  
  25  2:15  Probe  
  26  2:25  Stalker (Chrono Boost)  
  26  2:27  Probe  
  26  2:29  Warp Gate  
  28  2:39  Probe  
  28  2:41  Probe (Chrono Boost)  
  30  2:53  Probe (Chrono Boost)  
  30  2:57  Probe (Chrono Boost)  
  31  3:02  Probe (Chrono Boost)  
  31  3:04  Twilight Council  
  31  3:05  Probe (Chrono Boost)  
  33  3:07  Probe  
  34  3:16  Probe  
  34  3:17  Robotics Facility  
  34  3:19  Probe  
  36  3:23  Stalker  
  38  3:28  Probe  
  38  3:32  Probe  
  40  3:35  Gateway  
  40  3:36  Blink (Chrono Boost)  
  40  3:40  Probe  
  41  3:45  Probe  
  42  3:49  Pylon  
  42  3:52  Probe  
  43  3:57  Probe  
  43  4:02  Gateway  
  44  4:04  Pylon, Probe, Observer (Chrono Boost)  
  46  4:10  Probe  
  46  4:17  Stalker  
  49  4:18  Probe, Observer (Chrono Boost)  
  49  4:20  Assimilator  
  49  4:23  Probe  
  52  4:29  Stalker  
  55  4:36  Pylon  
  54  4:41  Pylon  
  54  4:44  Stalker  
  56  4:49  Nexus  
  56  4:51  Probe x2  
  57  4:54  Stalker  
  57  4:57  Stalker  
  61  5:03  Immortal (Chrono Boost)  
  61  5:06  Observer  
  65  5:16  Stalker  
  65  5:17  Stalker  
  69  5:29  Stalker  
  69  5:35  Probe x2  
  69  5:41  Pylon, Charge  
  69  5:42  Pylon  
  71  5:43  Pylon  
  71  5:48  Probe  
  62  5:53  Stalker x3  
  62  5:54  Probe  
  65  6:00  Assimilator, Probe  
  66  6:06  Probe  
  66  6:09  Probe  
  67  6:13  Probe  
  67  6:18  Probe  
  67  6:27  Probe  
  67  6:29  Probe  
  67  6:30  Pylon  
  65  6:32  Stalker x2  
  65  6:33  Stalker  
  65  6:35  Probe (Chrono Boost)  
  65  6:36  Robotics Bay  
  65  6:37  Forge  
  72  6:41  Probe (Chrono Boost)  
  72  6:42  Probe (Chrono Boost)  
  75  6:47  Probe (Chrono Boost)  
  75  6:50  Shield Battery  
  75  6:51  Probe x2 (Chrono Boost)  
  75  6:53  Probe (Chrono Boost)  
  75  6:54  Observer  
  75  6:56  Stalker x3  
  82  7:04  Probe  
  82  7:05  Probe  
  84  7:09  Protoss Ground Weapons Level 1 (Chrono Boost)  
  84  7:10  Probe  
  84  7:12  Assimilator  
  84  7:13  Pylon, Assimilator  
  85  7:20  Pylon  
  85  7:22  Sentry  
  89  7:23  Sentry  
  89  7:24  Colossus (Chrono Boost)  
  89  7:25  Gateway  
  89  7:26  Gateway  
  89  7:29  Pylon  
  95  7:32  Observer  
  95  7:37  Probe x2  
  95  7:44  Stalker  
  99  7:45  Extended Thermal Lance (Chrono Boost)  
  99  7:46  Photon Cannon  
  99  7:48  Pylon  
  99  7:50  Gateway  
  99  7:52  Pylon  
  99  8:00  Sentry  
  99  8:01  Stalker  
  101  8:22  Probe x2  
  93  8:29  Probe  
  93  8:30  Stalker x5  
  86  8:34  Probe x2  
  83  8:42  Probe  
  83  8:46  Probe x2  
  78  8:50  Pylon  
  78  8:51  Stalker  
  78  8:54  Probe  
  81  8:58  Probe  
  81  8:59  Probe  
  78  9:06  Colossus (Chrono Boost), Probe  
  83  9:10  Protoss Ground Weapons Level 2 (Chrono Boost)  
  83  9:11  Probe x2  
  83  9:16  Observer  
  85  9:18  Probe  
  85  9:19  Shield Battery  
  85  9:22  Dark Shrine  
  85  9:23  Probe x2  
  88  9:24  Sentry, Stalker x3  
  88  9:26  Zealot  
  88  9:30  Probe  
  99  9:35  Probe x2  
  101  9:40  Zealot  
  101  9:42  Probe  
  101  9:43  Observer  
  104  9:47  Probe x2  
  104  9:49  Stalker x3  
  104  9:50  Stalker, Zealot  
  112  9:52  Colossus (Chrono Boost)  
  118  10:01  Observer  
  118  10:14  Zealot x6  
  118  10:20  Pylon  
  130  10:22  Pylon  
  128  10:28  Robotics Facility  
  128  10:34  Nexus  
  128  10:35  Disruptor (Chrono Boost)  
  131  10:38  Shadow Stride (Chrono Boost)  
  129  10:54  Dark Templar x3  
  133  10:58  Zealot x3  
  139  11:07  Forge  
  139  11:10  Pylon  
  137  11:13  Nexus  
  137  11:15  Pylon  
  136  11:30  Zealot x6  
  136  11:32  Disruptor  
  145  11:52  Zealot  
  145  11:53  Zealot x5  
  157  12:00  Nexus  
  102  12:09  Stalker x6  
Show
View Real Time Build Order
Export as new Build Order

Bunny Terran - Winner!

Build Orders:  

Get SALT Encoding   

  12  0:00  SCV  
  13  0:12  SCV  
  14  0:17  Supply Depot  
  14  0:24  SCV  
  15  0:38  Barracks, SCV  
  16  0:44  Refinery  
  16  0:50  SCV  
  16  0:53  Refinery  
  17  1:03  SCV  
  18  1:15  SCV  
  20  1:25  Reaper  
  20  1:27  Orbital Command  
  20  1:30  Supply Depot  
  20  1:41  Factory  
  20  1:52  SCV  
  21  1:57  Bunker  
  21  2:04  SCV  
  22  2:16  SCV  
  22  2:17  Marine  
  24  2:25  Hellion  
  24  2:27  Barracks  
  24  2:28  SCV  
  27  2:34  Supply Depot  
  27  2:41  SCV  
  27  2:54  Command Center  
  27  3:00  SCV, Factory Tech Lab  
  27  3:05  Barracks Reactor  
  28  3:13  SCV  
  28  3:17  Barracks Tech Lab  
  28  3:19  Cyclone  
  32  3:25  SCV  
  33  3:27  Supply Depot  
  33  3:35  Stimpack, Marine  
  33  3:37  SCV  
  33  3:41  Marine x2  
  37  3:49  SCV  
  37  3:51  Siege Tank  
  37  3:54  Marine  
  42  3:59  Marine  
  42  4:00  Marine  
  42  4:02  SCV  
  45  4:09  Orbital Command  
  45  4:12  Marine  
  45  4:16  Marine  
  47  4:18  SCV, Marine  
  49  4:25  Siege Tank  
  49  4:28  Supply Depot  
  49  4:30  Marine  
  53  4:34  Marine  
  53  4:35  SCV  
  53  4:36  Marine  
  56  4:38  SCV  
  56  4:44  Barracks  
  57  4:48  SCV  
  57  4:50  SCV, Marine  
  57  4:52  Marine  
  61  4:53  Marine  
  61  4:58  Engineering Bay  
  62  5:02  Starport  
  62  5:05  SCV x2  
  64  5:08  Factory Reactor  
  64  5:09  Marine  
  64  5:10  Marine  
  64  5:11  Marine  
  67  5:15  Bunker  
  67  5:18  Combat Shield  
  67  5:21  SCV  
  67  5:27  Marine  
  67  5:28  Marine  
  70  5:30  Marine  
  67  5:36  SCV x2  
  69  5:44  Refinery, Terran Infantry Weapons Level 1  
  69  5:45  Marine  
  69  5:46  Marine  
  69  5:48  Marine  
  68  5:56  SCV x2  
  62  5:59  Command Center  
  62  6:01  Medivac x2  
  66  6:04  Marine x2  
  66  6:05  Supply Depot  
  65  6:12  Marine x2  
  67  6:22  Marine x2  
  62  6:30  Marine  
  62  6:31  SCV x2, Marauder, Medivac x2  
  70  6:34  Refinery  
  70  6:36  Factory Reactor  
  70  6:39  Supply Depot  
  70  6:40  Marine, Marauder  
  70  6:43  SCV x2  
  73  6:49  Marine  
  73  6:52  Marauder  
  76  6:58  Marine  
  76  7:01  Medivac x2  
  80  7:02  Marauder  
  80  7:07  Marine  
  81  7:11  Orbital Command  
  81  7:13  Widow Mine, Marauder  
  84  7:16  Widow Mine, Marine  
  84  7:18  SCV x2  
  89  7:23  Marauder, Concussive Shells  
  90  7:30  Barracks  
  90  7:32  Barracks  
  90  7:33  Orbital Command  
  90  7:36  Marauder  
  92  7:38  SCV x2, Terran Infantry Armor Level 1  
  92  7:40  Marine x2  
  92  7:43  Widow Mine  
  98  7:44  Widow Mine  
  98  7:49  Supply Depot  
  98  7:50  Supply Depot  
  98  7:51  Medivac  
  102  7:52  SCV  
  102  7:53  SCV  
  104  7:59  Marauder x2  
  104  8:00  Marine  
  109  8:07  SCV  
  109  8:11  SCV x2, Marine  
  112  8:17  Marine  
  112  8:18  Widow Mine x2  
  115  8:20  Marauder x2  
  115  8:21  Barracks Reactor, Barracks Tech Lab  
  115  8:27  Medivac x2  
  115  8:28  Marine  
  115  8:33  SCV x2  
  116  8:37  Marine  
  116  8:40  Widow Mine x2  
  111  8:41  Marine, Marauder  
  104  8:49  Marauder  
  104  8:51  Marine  
  104  8:53  SCV x3  
  104  8:55  Marine  
  109  8:59  Marauder  
  109  9:01  Widow Mine x2, Marine x2  
  111  9:03  Marauder  
  111  9:07  Armory  
  111  9:09  Marine  
  110  9:10  Marauder  
  110  9:12  Ghost Academy  
  112  9:18  Medivac  
  112  9:19  Medivac  
  112  9:21  Marauder  
  112  9:23  Supply Depot, Marine x2  
  112  9:24  Marine, Marauder  
  123  9:32  Supply Depot  
  123  9:34  Supply Depot  
  123  9:36  Refinery  
  123  9:37  Refinery  
  123  9:41  Ghost  
  123  9:44  Ghost  
  121  9:53  Ghost  
  121  9:55  Marine x4  
  127  10:04  Supply Depot  
  127  10:06  Viking x2  
  130  10:09  Widow Mine x2  
  132  10:14  Marine  
  132  10:15  Ghost, Marine x3  
  132  10:19  Ghost  
  140  10:26  Command Center  
  140  10:27  Supply Depot, Missile Turret  
  140  10:28  Missile Turret  
  134  10:36  Viking x2  
  134  10:38  Marine  
  134  10:39  Marine x3  
  142  10:56  Enhanced Shockwaves  
  142  10:59  Marauder x3, Marine  
  149  11:05  Marine x2  
  149  11:06  Marine  
  150  11:21  Marauder x2  
  150  11:26  SCV  
  150  11:27  SCV x2  
  149  11:38  SCV, Viking x2  
  149  11:39  SCV x2  
  156  11:45  Marine x2  
  156  11:46  Marine x2  
  158  11:50  SCV  
  158  11:51  SCV x2  
  159  11:55  Missile Turret  
  159  12:00  Marauder x3  
  146  12:03  Marine x2  
  146  12:06  Marine x2  

Tags
 
Add a new tag
Caveats
  • Supply blocks, unpowered buildings, or Contaminate may cause inaccurate times.
  • Supply counts are checked every 10 seconds.